 Dungeon Crawl Stone Soup version 0.27.1-35-g4d5d836560 (webtiles) character file.

Game seed: 1792500926511899616

221 Delamore the Sneak (level 5, -2/34 HPs)
             Began as an Octopode Brigand on Mar 8, 2022.
             Slain by a gnoll (6 damage)
             ... on level 3 of the Dungeon.
             The game lasted 00:04:30 (3062 turns).

Delamore the Sneak (Octopode Brigand)               Turns: 3062, Time: 00:04:30

Health: -2/34      AC:  1    Str: 10    XL:     5   Next: 98%
Magic:  7/7        EV: 12    Int: 13    God:
Gold:   168        SH:  0    Dex: 15    Spells: 4/7 levels left

rFire    . . .     SeeInvis .   o - +2 dagger (speed)
rCold    . . .     Faith    .   (no shield)
rNeg     . . .     Spirit   .   (helmet restricted)
rPois    .         Reflect  .   (no amulet)
rElec    .         Harm     .   l - ring of flight
rCorr    .         Rampage  .   (no ring)
Will     .....                  (no ring)
Stlth    +++++.....             (no ring)
HPRegen  0.11/turn              (no ring)
MPRegen  0.10/turn              (no ring)
                                (no ring)
                                (no ring)

@: flying, hasted, very quick
A: almost no armour, amphibious, 8 rings, camouflage 1, gelatinous body 1,
(nimble swimmer 1), tentacles
a: no special abilities


You were on level 3 of the Dungeon.
You visited 1 branch of the dungeon, and saw 3 of its levels.

You collected 168 gold pieces.

Inventory:

Hand Weapons
 a - a +2 dagger
 m - a +2 dagger of holy wrath
 o - a +2 dagger of speed (weapon)
Missiles
 b - 19 poisoned darts (quivered)
 c - 2 curare-tipped darts
 h - 4 atropa-tipped darts
Jewellery
 l - a ring of flight (left tentacle)
Scrolls
 d - a scroll of enchant armour
 j - a scroll of fog
 n - a scroll of fear {unknown}
Potions
 g - a potion of lignification {unknown}
 i - a potion of invisibility {unknown}
 k - a potion of heal wounds {unknown}


   Skills:
 - Level 2.0 Fighting
 + Level 3.3 Short Blades
 - Level 2.0 Throwing
 - Level 1.0 Dodging
 * Level 7.8 Stealth
 + Level 1.6 Spellcasting
 + Level 2.0 Poison Magic


You had 4 spell levels left.
You knew the following spells:

 Your Spells              Type           Power      Damage    Failure   Level
a - Ignite Poison         Fire/Tmut/Pois 2%         N/A       52%         3

Your spell library contained the following spells:

 Spells                   Type           Power      Damage    Failure   Level
 Freeze                   Ice            4%         1d3       26%         1
 Mephitic Cloud           Conj/Pois/Air  2%         N/A       52%         3
 Frozen Ramparts          Ice            2%         1d2       63%         3
 Hailstorm                Conj/Ice       1%         3d3       95%         4
 Bolt of Magma            Conj/Fire/Erth 0%         4d4       100%        5


Dungeon Overview and Level Annotations

Branches:
Dungeon (3/15)

Altars:


Innate Abilities, Weirdness & Mutations

You cannot wear most types of armour.
You are amphibious.
You can wear up to eight rings at the same time.
Your skin changes colour to match your surroundings (Stealth+).
Your rubbery body absorbs attacks. (AC +1, EV +1)
((You are camouflaged near water. (Stealth+)))
You have tentacles for arms and can constrict up to eight enemies at once.


Message History

b - 18 poisoned darts (gained 1)
b - 19 poisoned darts (gained 1)
You see here a +0 giant club.
Found 9 gold pieces.
You now have 168 gold pieces (gained 9).
A gnoll comes into view. It is wielding a +0 flail.
A gnoll is nearby! 2 gnolls come into view.
The gnoll shouts! x3
The gnoll barely misses you.
You barely miss the gnoll. Your grab misses the gnoll.
The gnoll barely misses you.
You hit the gnoll. You grab the gnoll.
The gnoll is moderately wounded.
You constrict the gnoll. You hit the gnoll.
You squeeze the gnoll, but do no damage.
The gnoll is heavily wounded.
You constrict the gnoll. The gnoll hits you with a +0 club!
The gnoll hits you with a +0 flail!
You hit the gnoll.
The gnoll is severely wounded.
You constrict the gnoll. The gnoll hits you with a +0 club.
The gnoll hits you with a +0 flail!
* * * LOW HITPOINT WARNING * * *
You are too injured to fight recklessly!
You are too injured to fight recklessly!
You are too injured to fight recklessly!
There are monsters nearby!
You release your grip on the gnoll.
Okay, then.
Okay, then.
Unknown command.
Okay, then.
It was a potion of flight.
You feel more buoyant. The gnoll barely misses you.
It was a potion of haste.
You feel yourself speed up. The gnoll hits you with a +0 club.
You die...

#.#
#.#.#...#..####.#.##..
#.# ##.#.#...#.......#
### #.#
#........#.####### #.#
#.......##.#
###.#####..........####
#.......#.......###...#
#.......#.......# #...# .
#...........<...# #...#
.. ###...........@.#
#...# ...
#............g###...##...
#............g...........
##.........######...##...
#....)##### #......# ## #
#.#.### #.#..g.###...
#.#.# #.#.......(.. #.#.#
#.#....###.. #.#.#
#.#...g###


You could see 2 gnolls.

Vanquished Creatures
  An ogre (D:3)
  4 gnolls (D:2)
  An adder (D:2)
  2 worms
  2 dart slugs
  5 ball pythons
  7 bats
  4 endoplasms
  3 giant cockroaches (D:1)
  13 goblins
  6 hobgoblins
  7 jackals
  8 kobolds
  A quokka (D:1)
  4 frilled lizards
  6 rats
74 creatures vanquished.

Notes
Turn   | Place    | Note
-------+----------+-------------------------------------------
     0 | D:1      | Delamore the Octopode Brigand began the quest for the Orb.
     0 | D:1      | Reached XP level 1. HP: 14/14 MP: 1/1
   150 | D:1      | Reached XP level 2. HP: 19/19 MP: 2/2
   405 | D:1      | Reached skill level 6 in Stealth
   648 | D:1      | Reached XP level 3. HP: 22/24 MP: 3/3
  1087 | D:2      | Found a faded altar of an unknown god.
  1407 | D:2      | Learned a level 3 spell: Ignite Poison
  1450 | D:2      | Reached XP level 4. HP: 29/29 MP: 4/4
  1484 | D:2      | Reached skill level 7 in Stealth
  1491 | D:2      | Reached skill level 1 in Spellcasting
  1895 | D:3      | Reached skill level 1 in Poison Magic
  2193 | D:3      | Reached XP level 5. HP: 29/34 MP: 6/6
  2444 | D:3      | Noticed an ogre
  2895 | D:3      | Killed an ogre
  3034 | D:3      | HP: 1/34 [gnoll (13)]
  3062 | D:3      | Slain by a gnoll

Illustrated notes

Levels and vault maps discovered:
D:1:      nagdon_arrival_zigzag_paths, layout_loops_corners,
          chequers_serial_rivers_small_b
D:2:      layout_basic, ebering_ecumenical_altar_ruins, minmay_pentomino_z4
D:3:      layout_basic, grunt_gozag_breadcrumbs, minmay_ogre_servants

Skill      XL: |  1  2  3  4  5 |
---------------+----------------+-----
Stealth        | 6 7 |  7.8
Spellcasting   | 1 |  1.6
Poison Magic   | 1 2 |  2.0
Short Blades   | 3 |  3.3
Fighting       | |  2.0
Throwing       | |  2.0
Dodging        | |  1.0

Action                   |  1- 3 |  4- 6 || total
-------------------------+-------+-------++-------
Melee: Dagger            |    65 |    82 ||   147
       Constrict         |    12 |    15 ||    27
       Tentacles         |     8 |    13 ||    21
Throw: Dart              |       |    17 ||    17
  Use: Scroll            |     2 |       ||     2
       Potion            |       |     2 ||     2
 Stab: Sleeping          |    17 |     6 ||    23
Armor: Skin              |     5 |     6 ||    11
Dodge: Dodged            |    25 |    40 ||    65
